 Dungeon Crawl Stone Soup version 0.26.1-11-gd32895ea62 (webtiles) character file.

Game seed: 968156572706615632

1736 solopath the Geomancer (level 9, -2/57 HPs)
             Began as a Formicid Earth Elementalist on Apr 29, 2021.
             Was a Believer of Dithmenos.
             Killed from afar by an orc wizard (9 damage)
             ... with a magic dart
             ... on level 5 of the Dungeon.
             The game lasted 00:13:11 (5707 turns).

solopath the Geomancer (FoEE)                       Turns: 5707, Time: 00:13:11

Health: -2/57      AC:  3    Str: 19    XL:     9   Next: 26%
Magic:  12/12      EV: 16    Int: 18    God:    Dithmenos [**....]
Gold:   287        SH:  0    Dex: 11    Spells: 5/12 levels left

rFire    . . .     SeeInvis +   u - +7 captain's cutlass {speed, disarm}
rCold    . . .     Faith    .   (no shield)
rNeg     . . .     Spirit   .   e - +1 robe
rPois    .         Reflect  .   (helmet unavailable)
rElec    .         Harm     .   (no cloak)
rCorr    .         Rampage  .   (no gloves)
Will     .....                  (no boots)
Stlth    ++++......             (no amulet)
HPRegen  0.19/turn              g - +6 ring of strength
MPRegen  0.13/turn              m - +4 ring of evasion

@: attractive, wreathed by umbra
A: permanent stasis, dig shafts and tunnels, four strong arms, antennae 3
a: Dig, Shaft Self, Renounce Religion, Shadow Step


You were on level 5 of the Dungeon.
You worshipped Dithmenos.
Dithmenos was pleased with you.
You visited 1 branch of the dungeon, and saw 5 of its levels.

You collected 287 gold pieces.

Inventory:

Hand Weapons
 c - a +1 dagger of protection
 d - a +0 club
 o - a +1 short sword of protection
 u - the +7 captain's cutlass (weapon) {speed, disarm}
   (You took it off an orc on level 4 of the Dungeon)

   Attacks with this weapon are significantly faster.
Missiles
 b - 130 stones
 f - 4 javelins (quivered)
Armour
 e - a +1 robe (worn)
Magical Staves
 j - an uncursed staff of air
Jewellery
 g - a +6 ring of strength (left hand)
 m - a +4 ring of evasion (right hand)
 q - an uncursed ring of resist corrosion
 x - an uncursed amulet of inaccuracy
 y - an uncursed amulet of magic regeneration
Wands
 s - a wand of acid (12)
 v - a wand of enslavement (6)
Scrolls
 a - 4 scrolls of enchant weapon
 h - 2 scrolls of teleportation
 i - 3 scrolls of identify
 k - 2 scrolls of fear
 n - 4 scrolls of random uselessness
Potions
 w - a potion of flight


   Skills:
 + Level 4.6 Short Blades
 - Level 1.7 Dodging
 + Level 7.6 Stealth
 - Level 2.1 Spellcasting
 - Level 3.6 Transmutations
 * Level 10.0 Earth Magic


You had 5 spell levels left.
You knew the following spells:

 Your Spells              Type           Power        Failure   Level
a - Sandblast             Erth           76%          1%          1
b - Passwall              Tmut/Erth      21%          1%          2
c - Petrify               Tmut/Erth      26%          11%         4

Your spell library contained the following spells:

 Spells                   Type           Power        Failure   Level
 Stone Arrow              Conj/Erth      40%          7%          3
 Lee's Rapid Deconstruct  Erth           19%          8%          5


Dungeon Overview and Level Annotations

Branches:
Dungeon (5/15)
 Temple: D:4-7

Altars:
Dithmenos
Gozag
Makhleb
Okawaru
Ru
Vehumet
The Shining One


Innate Abilities, Weirdness & Mutations

You cannot be hasted, slowed, berserked, paralysed or teleported.
You can dig through walls and to a lower floor.
Your four strong arms can wield two-handed weapons with a shield.
You have a pair of large antennae on your head. (SInv)


Message History

You kill the orc!
Dithmenos accepts your kill. The orc wizard is pulled toward you!
You barely miss the orc. You closely miss the orc.
You closely miss the orc wizard. The orc wizard barely misses you.
You hit the orc wizard.
The orc wizard is lightly wounded.
You closely miss the orc wizard.
The orc wizard is lightly wounded.
The orc wizard hits you with a +0 dagger.
* * * LOW HITPOINT WARNING * * *
You barely miss the orc wizard.
The orc wizard is lightly wounded.
The orc wizard closely misses you.
You barely miss the orc wizard.
The orc wizard is lightly wounded.
The orc wizard casts a spell at you. The magic dart hits you!
You die...

#........##.#####...
#.<......##.### #.#.
#........##....##.##
#........# #....##
##.##..### ###.... #
#.....## ##...
^###########)..#### #....
........##.†.........?..#.
###.###.oo@>..###.#..######
#...)o#.o###........ #
.#..o†)#..# #..##.... #
......o...## ##... ..
#.#### ..#...>.#.# #.## .
...... #.....#... .# #...##
###.###.### ## # ... ..#
..§. ###


You could see 2 orc wizards and an orc.

Vanquished Creatures
  Menkaure (D:5)
  Edmund (D:5)
  Duvessa (D:4)
  A sky beast (D:5)
  3 ogres
  Dowan (D:4)
  2 scorpions
  A howler monkey (D:5)
  A crimson imp (D:5)
  2 hounds
  3 orc priests
  6 orc wizards
  2 iguanas (D:5)
  A bullfrog skeleton (D:4)
  5 worker ants
  4 gnolls (D:2)
  12 adders
  2 oozes
  2 adder skeletons
  5 worms
  2 dart slugs (D:1)
  4 leopard geckos
  23 orcs
  10 bats
  4 giant cockroaches
  6 goblins
  12 hobgoblins
  6 jackals
  9 kobolds
  3 quokkas
  4 ball pythons
  9 frilled lizards
  A jackal skeleton (D:4)
  10 rats
159 creatures vanquished.

Notes
Turn   | Place    | Note
-------+----------+-------------------------------------------
     0 | D:1      | solopath the Formicid Earth Elementalist began the quest
                  | for the Orb.
     0 | D:1      | Reached XP level 1. HP: 13/13 MP: 3/3
   120 | D:1      | Reached XP level 2. HP: 19/19 MP: 3/5
   127 | D:1      | Reached skill level 4 in Earth Magic
   579 | D:1      | Reached XP level 3. HP: 20/24 MP: 3/6
   949 | D:1      | Reached XP level 4. HP: 27/30 MP: 4/7
  1293 | D:2      | Reached skill level 5 in Earth Magic
  1538 | D:3      | Found an opulent altar of Gozag.
  1674 | D:3      | Learned a level 2 spell: Passwall
  1679 | D:3      | Learned a level 4 spell: Petrify
  1691 | D:2      | Reached XP level 5. HP: 13/35 MP: 4/8
  2319 | D:2      | Found a glowing golden altar of the Shining One.
  2959 | D:3      | Reached XP level 6. HP: 41/41 MP: 7/9
  3195 | D:3      | Reached skill level 1 in Short Blades
  3195 | D:3      | Reached skill level 6 in Earth Magic
  3201 | D:3      | Found a shadowy altar of Dithmenos.
  3474 | D:3      | Became a worshipper of Dithmenos the Shadowed
  3926 | D:4      | Noticed Duvessa
  3926 | D:4      | Noticed Dowan
  3933 | D:4      | Killed Duvessa
  3934 | D:4      | Reached XP level 7. HP: 36/46 MP: 3/10
  3935 | D:4      | Killed Dowan
  4075 | D:4      | Reached skill level 5 in Stealth
  4148 | D:4      | Reached * piety under Dithmenos
  4158 | D:4      | Reached skill level 7 in Earth Magic
  4572 | D:4      | Reached XP level 8. HP: 52/52 MP: 9/11
  4931 | D:4      | Reached skill level 8 in Earth Magic
  5064 | D:4      | Found an iron altar of Okawaru.
  5071 | D:4      | Found a sacrificial altar of Ru.
  5201 | D:5      | Entered Level 5 of the Dungeon
  5217 | D:5      | Noticed Menkaure
  5222 | D:5      | Killed Menkaure
  5504 | D:5      | Reached skill level 9 in Earth Magic
  5533 | D:5      | Noticed Edmund
  5539 | D:5      | Killed Edmund
  5540 | D:5      | Reached XP level 9. HP: 57/57 MP: 10/12
  5567 | D:5      | Found a burning altar of Makhleb.
  5567 | D:5      | Found a radiant altar of Vehumet.
  5674 | D:5      | Reached ** piety under Dithmenos
  5682 | D:5      | Reached skill level 10 in Earth Magic
  5707 | D:5      | Killed from afar by an orc wizard

Illustrated notes

Levels and vault maps discovered:
D:1:      evilmike_arrival_plus, layout_rooms
D:2:      layout_basic, tso_metal_star
D:3:      layout_loops_ring, lemuel_crystal_altar, st_stairs_10,
          kennysheep_big_empty_room, grunt_gozag_statues
D:4:      layout_cave_pools, minitemple, grunt_ministairs_6,
          kennysheep_generic_room_7, uniq_duvessa
D:5:      layout_rooms, grunt_temple_overflow_lords_of_destruction, st_stairs_3,
          solitary_fountain, uniq_menkaure, uniq_edmund

Skill      XL: |  1  2  3  4  5  6  7  8  9 |
---------------+----------------------------+-----
Earth Magic    | 4 5 6 7 9 10 | 10.0
Stealth        | 3 4 5 7 |  7.6
Transmutations | 2 3 |  3.6
Short Blades   | 1 2 4 |  4.6
Dodging        | |  1.7
Spellcasting   | |  2.1

Action                   |  1- 3 |  4- 6 |  7- 9 || total
-------------------------+-------+-------+-------++-------
Melee: Club              |     9 |       |       ||     9
       Unarmed           |     2 |       |       ||     2
       Dagger            |    27 |   142 |       ||   169
       Short sword       |       |    25 |    39 ||    64
       Cutlass           |       |       |   134 ||   134
Throw: Javelin           |       |    11 |     6 ||    17
 Cast: Sandblast         |    29 |    60 |    28 ||   117
 Abil: Dig               |       |     3 |       ||     3
  Use: Scroll            |     2 |     2 |     6 ||    10
       Potion            |     2 |     1 |     1 ||     4
 Stab: Sleeping          |       |    13 |     3 ||    16
Armor: Robe              |    10 |    48 |    15 ||    73
       Skin              |    12 |       |       ||    12
Dodge: Dodged            |    22 |   133 |   139 ||   294
